Map: Zen LE

Players

Zest - Winner!

  • Race: Protoss Protoss
  • League: Master
  • Spawn Location: 1:00

TYTY (TY)

  • Race: Terran Terran
  • League: Grandmaster
  • Spawn Location: 7:00

Event: Shopify TSL 5

VOD

Have the link to the VOD?

Description

Time

  • Played on: May 31, 2020, 12:30 p.m.
  • Length: 17:36

All games in this series

Show
View Real Time Build Order
Export as new Build Order

Zest Protoss - Winner!

Build Orders: 1 Gate Expand, Dark Templar Rush 

Get SALT Encoding   

  12  0:00  Probe  
  13  0:12  Probe  
  14  0:17  Pylon  
  14  0:24  Probe (Chrono Boost)  
  15  0:36  Probe (Chrono Boost), Gateway  
  16  0:45  Probe (Chrono Boost)  
  16  0:46  Assimilator  
  17  0:51  Probe  
  18  1:03  Probe  
  19  1:15  Probe  
  20  1:24  Cybernetics Core  
  20  1:33  Nexus  
  20  1:36  Probe  
  21  1:42  Pylon  
  21  1:48  Probe  
  21  1:50  Assimilator  
  22  1:58  Adept (Chrono Boost)  
  22  2:00  Probe (Chrono Boost)  
  25  2:03  Warp Gate  
  25  2:12  Probe (Chrono Boost)  
  26  2:19  Probe (Chrono Boost)  
  26  2:22  Twilight Council  
  27  2:27  Stalker  
  29  2:30  Probe  
  30  2:38  Pylon  
  31  2:45  Probe (Chrono Boost)  
  31  2:48  Probe (Chrono Boost)  
  32  2:58  Probe (Chrono Boost)  
  34  3:05  Stalker (Chrono Boost)  
  35  3:12  Shield Battery, Gateway  
  33  3:16  Dark Shrine  
  31  3:29  Gateway  
  31  3:30  Probe x2  
  33  3:43  Probe (Chrono Boost)  
  33  3:44  Probe (Chrono Boost)  
  35  3:51  Stalker  
  35  3:55  Probe (Chrono Boost)  
  39  4:01  Probe (Chrono Boost)  
  39  4:02  Probe (Chrono Boost)  
  40  4:05  Pylon  
  40  4:08  Probe (Chrono Boost)  
  40  4:09  Probe (Chrono Boost), Stalker  
  44  4:22  Assimilator  
  44  4:24  Probe (Chrono Boost)  
  46  4:25  Probe (Chrono Boost)  
  46  4:28  Dark Templar x2  
  50  4:32  Probe x2 (Chrono Boost), Dark Templar  
  50  4:36  Assimilator  
  54  4:41  Pylon  
  54  4:43  Probe  
  54  4:44  Probe  
  56  4:47  Pylon  
  54  5:01  Dark Templar  
  54  5:02  Zealot  
  54  5:04  Probe x2  
  47  5:16  Probe x2  
  47  5:17  Dark Templar  
  51  5:24  Robotics Facility  
  50  5:28  Probe (Chrono Boost)  
  50  5:34  Probe (Chrono Boost)  
  51  5:37  Probe (Chrono Boost)  
  51  5:41  Probe (Chrono Boost), Blink (Chrono Boost)  
  51  5:42  Probe  
  52  5:50  Gateway  
  52  5:52  Gateway  
  52  5:54  Gateway  
  52  5:55  Pylon  
  50  6:05  Stalker, Sentry x2  
  50  6:09  Warp Prism (Chrono Boost)  
  58  6:15  Shield Battery  
  58  6:17  Pylon  
  58  6:21  Pylon  
  58  6:27  Robotics Bay  
  58  6:31  Forge  
  58  6:33  Dark Templar  
  58  6:37  Stalker x2  
  64  6:52  Immortal (Chrono Boost), Pylon  
  68  7:05  Protoss Ground Weapons Level 1  
  68  7:07  Pylon  
  68  7:15  Stalker x3, Sentry  
  74  7:16  Zealot x2  
  80  7:30  Observer (Chrono Boost)  
  80  7:33  Nexus  
  80  7:34  Pylon  
  81  7:40  Adept, Dark Templar  
  81  7:41  Adept  
  87  7:54  Colossus (Chrono Boost)  
  93  8:10  Extended Thermal Lance  
  93  8:12  Gateway  
  93  8:16  Pylon  
  93  8:18  Phoenix  
  85  8:29  Probe x2  
  85  8:35  Colossus (Chrono Boost)  
  85  8:38  Charge  
  91  8:42  Shield Battery  
  91  8:43  Shield Battery  
  91  8:47  Shield Battery  
  91  8:51  Dark Templar  
  91  8:53  Probe  
  91  8:54  Probe x2  
  86  9:18  Probe (Chrono Boost), Protoss Ground Weapons Level 2 (Chrono Boost)  
  86  9:23  Probe (Chrono Boost)  
  86  9:24  Probe (Chrono Boost)  
  84  9:29  Probe (Chrono Boost)  
  87  9:33  Probe x2 (Chrono Boost)  
  87  9:35  Probe (Chrono Boost)  
  87  9:37  Photon Cannon  
  88  9:40  Pylon  
  88  9:42  Assimilator  
  88  9:43  Probe (Chrono Boost)  
  88  9:45  Assimilator  
  90  9:49  Probe (Chrono Boost)  
  90  9:50  Probe (Chrono Boost)  
  90  9:51  Probe (Chrono Boost)  
  92  9:55  Probe  
  92  9:59  Probe  
  93  10:09  Probe x2  
  95  10:20  Stalker x7  
  109  10:24  Probe x3  
  109  10:25  Pylon  
  112  10:30  Cybernetics Core  
  112  10:38  Probe x3  
  115  10:43  Nexus  
  115  10:47  Pylon  
  115  10:51  Probe x3, Dark Shrine  
  115  10:56  Warp Prism (Chrono Boost)  
  118  11:01  Gravitic Drive  
  120  11:10  Probe  
  120  11:11  Probe  
  122  11:19  Protoss Ground Weapons Level 3 (Chrono Boost)  
  122  11:22  Probe  
  122  11:23  Probe, Gateway  
  122  11:24  Gateway  
  124  11:29  Observer  
  124  11:41  Observer (Chrono Boost)  
  124  11:44  Observer  
  124  11:45  Gateway  
  124  11:46  Probe x2  
  127  11:47  Gateway  
  127  11:48  Gateway  
  127  11:59  Probe x2  
  127  12:01  Probe x2  
  131  12:03  Shadow Stride (Chrono Boost), Observer  
  131  12:04  Gravitic Boosters  
  131  12:07  Dark Templar x6  
  143  12:11  Probe  
  143  12:14  Nexus  
  144  12:37  Observer  
  144  12:40  Pylon  
  144  12:41  Assimilator x2  
  145  12:46  Gateway  
  145  12:48  Gateway  
  145  12:49  Gateway  
  145  12:52  Gateway  
  145  12:53  Gateway  
  145  12:54  Dark Templar x6  
  157  13:00  Stalker  
  159  13:08  Dark Templar x4  
  167  13:12  Pylon  
  167  13:14  Pylon  
  167  13:16  Pylon  
  167  13:18  Pylon  
  158  13:41  Stalker x4  
  153  13:44  Dark Templar x5  
  152  14:00  Probe  
  153  14:08  Stalker x2  
  130  14:22  Archon x2  
  124  14:26  Probe x3  
  121  14:33  Stalker x7  
  127  14:51  Probe x2  
  129  14:53  Robotics Facility  
  129  14:58  Zealot  
  129  14:59  Zealot x4  
  133  15:01  Dark Shrine  
  105  15:19  Probe x2  
  105  15:21  Gateway  
  105  15:22  Gateway  
  105  15:23  Probe x3  
  105  15:24  Sentry  
  105  15:25  Sentry x2  
  105  15:26  Stalker x4  
  122  15:33  Robotics Facility  
  122  15:34  Pylon  
  121  15:42  Observer (Chrono Boost)  
  122  15:51  Assimilator  
  122  15:56  Assimilator  
  122  15:59  Assimilator  
  122  16:03  Observer  
  122  16:08  Pylon  
  122  16:15  Dark Templar x10  
  122  16:18  Zealot x5  
  152  16:27  Pylon  
  152  16:35  Observer  
  152  16:41  Stalker x5  
  162  16:48  Dark Templar x2  
  162  16:49  Dark Templar x2  
  162  16:52  Stalker x3, Zealot x3  
  182  17:05  Zealot x5  
Show
View Real Time Build Order
Export as new Build Order

TYTY Terran 

Build Orders:  

Get SALT Encoding   

  12  0:00  SCV  
  13  0:13  SCV  
  14  0:17  Supply Depot  
  14  0:25  SCV  
  15  0:38  SCV  
  15  0:41  Barracks  
  16  0:43  Refinery  
  16  0:50  SCV  
  17  0:58  Barracks  
  17  1:02  SCV  
  18  1:11  Supply Depot  
  18  1:15  SCV  
  19  1:27  Reaper  
  19  1:31  Orbital Command  
  20  1:44  Reaper  
  21  1:57  SCV  
  22  2:02  Reaper  
  23  2:09  Command Center  
  23  2:12  SCV  
  24  2:20  Reaper  
  25  2:24  SCV  
  25  2:27  Barracks  
  26  2:35  Supply Depot  
  26  2:36  SCV  
  27  2:39  Reaper  
  28  2:46  Refinery  
  28  2:50  SCV  
  28  3:03  SCV  
  30  3:06  Barracks Reactor  
  29  3:15  SCV  
  29  3:16  Barracks Tech Lab  
  29  3:17  Marine  
  31  3:27  SCV  
  31  3:29  Orbital Command  
  32  3:34  Marine  
  32  3:39  SCV  
  35  3:43  Marine x2  
  35  3:46  Marauder  
  35  3:48  Concussive Shells  
  38  3:52  SCV, Marine  
  38  3:55  SCV  
  41  4:01  Marine x2  
  43  4:04  SCV  
  43  4:06  Factory  
  43  4:07  SCV  
  43  4:08  Marauder  
  43  4:09  Supply Depot  
  47  4:13  Marine  
  47  4:16  SCV  
  49  4:17  Engineering Bay  
  49  4:19  SCV, Marine x2  
  52  4:28  SCV  
  52  4:31  SCV, Marauder, Marine  
  55  4:36  Marine  
  55  4:37  Marine  
  59  4:40  SCV  
  59  4:41  Stimpack  
  59  4:43  SCV  
  61  4:46  Refinery  
  61  4:47  Supply Depot  
  61  4:49  Marine  
  61  4:52  SCV  
  60  4:54  Marine x2  
  60  4:56  SCV  
  56  5:04  SCV, Missile Turret  
  45  5:12  Factory Reactor  
  45  5:13  Marine x2  
  45  5:14  Marine  
  42  5:16  SCV  
  42  5:18  SCV, Terran Infantry Weapons Level 1  
  41  5:27  Starport  
  40  5:28  SCV  
  40  5:34  SCV, Missile Turret  
  42  5:42  SCV  
  42  5:47  SCV  
  45  5:54  SCV, Widow Mine x2  
  48  5:59  SCV  
  48  6:03  Medivac  
  51  6:06  SCV  
  51  6:10  Marauder, Barracks Tech Lab  
  51  6:11  SCV  
  55  6:15  Widow Mine  
  59  6:20  SCV  
  59  6:23  SCV, Supply Depot  
  61  6:27  Combat Shield  
  62  6:32  SCV  
  62  6:38  SCV  
  62  6:39  Marine  
  61  6:44  Supply Depot, Marine, Medivac x2  
  61  6:45  SCV  
  68  6:48  Supply Depot  
  68  6:50  SCV, Factory Tech Lab  
  68  6:53  Marine  
  68  6:54  Refinery  
  70  7:04  Supply Depot  
  70  7:05  Marine x3  
  70  7:06  SCV  
  70  7:07  SCV  
  75  7:11  Marine, Siege Tank  
  79  7:18  SCV  
  79  7:19  SCV, Terran Infantry Armor Level 1  
  81  7:23  Marine x2  
  83  7:33  Marine x2  
  83  7:35  Missile Turret  
  85  7:41  Marine  
  85  7:43  Siege Tank  
  89  7:45  Marine  
  89  7:47  Command Center  
  89  7:50  SCV x2, Marine  
  89  7:51  Supply Depot  
  93  8:03  SCV  
  94  8:12  Viking x2, SCV  
  99  8:13  Refinery, Marine  
  99  8:14  Marine  
  99  8:15  Supply Depot  
  100  8:20  Siege Tank  
  100  8:27  SCV x2  
  102  8:37  Marauder x2, Marine x2  
  102  8:39  SCV  
  102  8:40  SCV  
  110  8:44  Barracks x2  
  110  8:58  Armory, SCV x2  
  110  8:59  Engineering Bay  
  110  9:01  Orbital Command  
  112  9:07  Marine x2  
  113  9:10  SCV x2  
  109  9:21  Marauder x2  
  109  9:22  SCV x2  
  115  9:25  Medivac x2  
  115  9:26  Siege Tank  
  115  9:28  SCV  
  123  9:35  SCV x2  
  123  9:36  Supply Depot, Missile Turret  
  125  9:39  Barracks Reactor  
  125  9:42  Refinery  
  125  9:44  Barracks Tech Lab  
  125  9:46  Terran Infantry Armor Level 2, Terran Infantry Weapons Level 2  
  125  9:48  Refinery  
  125  9:53  SCV  
  125  9:57  Marine x2  
  125  9:58  SCV x2  
  129  10:05  SCV  
  129  10:06  Siege Tank  
  133  10:09  Marine  
  133  10:12  Marine  
  133  10:15  Marine  
  130  10:22  Factory  
  130  10:23  Command Center, Marine x3  
  133  10:29  Terran Vehicle Weapons Level 1  
  133  10:30  Supply Depot x2  
  133  10:41  Missile Turret  
  133  10:42  Supply Depot x2  
  131  10:51  Siege Tank  
  134  10:58  Marine x4  
  134  11:01  SCV x3, Ghost Academy  
  141  11:11  Missile Turret  
  141  11:12  Sensor Tower, Factory Tech Lab  
  141  11:13  Liberator x2  
  141  11:16  Marine  
  141  11:17  Marine x5  
  153  11:22  SCV x2  
  153  11:25  SCV  
  155  11:28  Siege Tank  
  158  11:33  Siege Tank  
  158  11:36  Missile Turret  
  160  11:40  Marine  
  160  11:41  Marine x3  
  170  11:47  Missile Turret  
  170  11:53  SCV x2  
  171  11:54  SCV  
  171  11:57  Barracks  
  171  11:58  Barracks x2  
  171  12:00  Siege Tank  
  175  12:04  Planetary Fortress  
  175  12:08  Unknown x3  
  175  12:13  Supply Depot  
  175  12:14  SCV  
  175  12:15  Supply Depot  
  180  12:18  Refinery  
  180  12:22  Sensor Tower  
  180  12:35  SCV  
  180  12:36  Marine x2  
  185  12:37  Unknown x2  
  185  12:43  Siege Tank x2  
  193  12:45  Barracks Tech Lab  
  193  12:47  Barracks Tech Lab  
  193  12:48  Barracks Tech Lab  
  193  12:51  Supply Depot, Marine x2  
  193  12:52  Supply Depot  
  193  12:55  Marine x3  
  195  12:58  Supply Depot  
  195  13:03  Unknown, Marine  
  195  13:05  Unknown  
  193  13:23  Marauder x3  
  193  13:24  Marine  
  197  13:34  SCV  
  197  13:39  Marauder, Marine x2  
  197  13:40  Marauder  
  190  13:43  Siege Tank x2  
  192  13:48  Command Center  
  192  13:49  Medivac x2  
  192  13:55  Marine x2  
  177  13:56  Terran Infantry Weapons Level 3, Terran Infantry Armor Level 3  
  177  13:58  SCV  
  177  13:59  Marine  
  177  14:00  Marine x2  
  181  14:08  Marauder  
  165  14:10  Marine x4  
  165  14:15  Siege Tank  
  165  14:16  Marine x2  
  150  14:17  Marine x2  
  150  14:19  Viking, Marine  
  141  14:28  Marine x2  
  141  14:29  Marauder x2, Marine  
  144  14:35  Marine x2  
  144  14:36  Marine x2  
  147  14:44  Marauder  
  140  14:46  Marauder, Marine  
  140  14:47  Marine  
  140  14:52  Marine x2  
  146  14:53  Marine x2  
  134  15:05  Marauder, Marine x2  
  134  15:06  Marauder x2  
  124  15:07  Marine  
  124  15:11  Marine x4  
  115  15:20  Siege Tank  
  115  15:24  Siege Tank  
  121  15:29  Missile Turret  
  124  15:51  Planetary Fortress  
  124  15:53  Marine x3  
  124  15:55  Marine x2  
  129  16:01  Unknown x2  
  133  16:13  Unknown  
  133  16:14  Missile Turret  
  139  16:19  Orbital Command  
  139  16:22  Marine x4  
  143  16:28  Marauder x2  
  143  16:29  Marauder, Sensor Tower  
  143  16:31  Missile Turret  
  143  16:32  Unknown x2  
  142  16:46  Marauder x3  
  141  16:47  Marine x4  
  141  16:49  Marine x2  
  141  16:50  Marauder  
  147  17:05  Marine  
  147  17:07  Missile Turret  
  148  17:08  Marine x2  
  148  17:09  Marine x2  
  142  17:17  Marine x3  
Tags
 
Add a new tag
Caveats
  • Supply blocks, unpowered buildings, or Contaminate may cause inaccurate times.
  • Supply counts are checked every 10 seconds.